Map: Romanticide LE

Players

Zoun - Winner!

  • Race: Protoss Protoss
  • League: Diamond
  • Spawn Location: 11:00

Astrea

  • Race: Protoss Protoss
  • League: Master
  • Spawn Location: 5:00

Event: Cheeseadelphia Winter Championship 2021

VOD

Have the link to the VOD?

Description

Time

  • Played on: Jan. 23, 2021, 12:08 p.m.
  • Length: 15:38

All games in this series

Show
View Real Time Build Order
Export as new Build Order

Zoun Protoss - Winner!

Build Orders: Oracle Opening, Phoenix Opening 

Get SALT Encoding   

  12  0:00  Probe  
  13  0:12  Probe  
  14  0:17  Pylon  
  14  0:24  Probe (Chrono Boost)  
  15  0:36  Gateway  
  15  0:37  Probe (Chrono Boost)  
  16  0:44  Probe (Chrono Boost)  
  16  0:46  Assimilator  
  17  0:51  Probe  
  17  0:54  Assimilator  
  18  1:03  Probe (Chrono Boost)  
  19  1:08  Gateway  
  19  1:13  Probe (Chrono Boost)  
  19  1:18  Probe  
  20  1:24  Cybernetics Core  
  21  1:30  Probe  
  22  1:40  Pylon  
  22  1:42  Probe  
  23  1:58  Probe  
  24  2:01  Adept  
  24  2:02  Adept, Warp Gate (Chrono Boost)  
  28  2:10  Pylon  
  28  2:11  Probe  
  29  2:24  Probe  
  30  2:31  Stargate  
  30  2:37  Adept x2  
  33  3:02  Nexus  
  33  3:11  Oracle (Chrono Boost)  
  36  3:21  Pylon  
  36  3:22  Probe  
  37  3:31  Twilight Council  
  38  3:34  Probe  
  41  3:54  Phoenix  
  38  3:56  Shield Battery  
  38  3:57  Stalker  
  40  4:03  Stalker  
  42  4:13  Blink (Chrono Boost)  
  42  4:17  Probe (Chrono Boost)  
  43  4:19  Probe (Chrono Boost)  
  44  4:28  Probe (Chrono Boost)  
  44  4:29  Probe (Chrono Boost)  
  46  4:32  Probe (Chrono Boost)  
  46  4:38  Probe  
  47  4:43  Stalker, Probe  
  51  4:47  Stalker  
  51  4:50  Probe  
  54  4:58  Probe  
  55  5:02  Pylon, Probe  
  56  5:10  Probe  
  57  5:14  Probe  
  57  5:15  Stalker x2  
  57  5:20  Pylon  
  62  5:21  Pylon  
  62  5:25  Probe  
  62  5:27  Probe  
  62  5:28  Assimilator  
  64  5:37  Probe  
  64  5:42  Nexus  
  65  5:43  Probe  
  66  5:50  Sentry x2  
  66  5:51  Probe  
  71  5:59  Gateway x2  
  71  6:05  Probe x2  
  71  6:10  Shield Battery  
  73  6:17  Gateway x2, Probe  
  74  6:20  Sentry x2  
  74  6:22  Probe  
  79  6:30  Shield Battery, Probe  
  80  6:35  Charge (Chrono Boost)  
  80  6:37  Robotics Facility  
  80  6:38  Pylon  
  80  6:39  Phoenix  
  80  6:40  Probe  
  80  6:42  Probe  
  82  6:48  Gateway  
  82  6:50  Gateway  
  82  6:52  Assimilator  
  82  6:58  Probe (Chrono Boost)  
  82  6:59  Probe x2 (Chrono Boost)  
  85  7:08  Templar Archives  
  85  7:11  Probe x2 (Chrono Boost)  
  85  7:12  Pylon  
  88  7:16  Probe (Chrono Boost)  
  88  7:19  Pylon, Probe x2 (Chrono Boost)  
  88  7:20  Pylon  
  91  7:23  Warp Prism (Chrono Boost), Probe (Chrono Boost)  
  91  7:25  Probe x2  
  95  7:30  Assimilator x2  
  95  7:33  Forge  
  96  7:37  Probe x3  
  96  7:43  Gateway  
  98  7:45  Gateway  
  98  7:47  High Templar x2  
  98  7:49  Probe  
  103  7:51  Probe x2  
  103  7:52  Observer  
  106  8:03  Protoss Ground Weapons Level 1 (Chrono Boost), Nexus  
  106  8:05  Pylon  
  106  8:06  Probe x3  
  106  8:08  High Templar x2  
  106  8:11  Archon  
  106  8:12  Archon  
  113  8:15  Photon Cannon  
  113  8:27  Zealot x5  
  113  8:28  Zealot  
  125  8:34  Pylon  
  125  8:39  High Templar x2  
  129  8:43  Archon  
  129  8:45  Stalker x2  
  133  8:54  Pylon x2  
  133  8:55  Zealot x4  
  141  9:02  Photon Cannon  
  141  9:03  Pylon  
  141  9:14  High Templar x4  
  141  9:15  Zealot x5, Observer  
  159  9:19  Archon x2  
  159  9:21  Stalker  
  161  9:31  Probe, Immortal  
  163  9:32  Probe x2  
  166  9:40  Assimilator  
  166  9:41  Assimilator  
  166  9:42  Robotics Bay  
  166  9:43  Robotics Facility  
  166  9:44  Probe x4  
  170  9:46  Protoss Ground Weapons Level 2 (Chrono Boost)  
  168  9:55  Photon Cannon  
  168  9:59  Shield Battery  
  168  10:00  Shield Battery  
  168  10:04  Photon Cannon  
  168  10:09  Probe  
  168  10:10  Probe x2  
  168  10:12  Zealot x2, Pylon  
  168  10:13  Zealot x2  
  179  10:21  Pylon  
  179  10:24  Pylon  
  179  10:31  Zealot x3  
  179  10:33  Disruptor (Chrono Boost)  
  188  10:35  Nexus  
  188  10:37  Pylon  
  188  10:38  Photon Cannon  
  188  10:39  Disruptor (Chrono Boost)  
  188  10:42  High Templar x2, Observer  
  195  10:47  Archon  
  176  11:01  High Templar x3  
  176  11:02  High Templar  
  184  11:05  Disruptor (Chrono Boost)  
  184  11:07  Archon x2  
  184  11:08  Disruptor (Chrono Boost)  
  184  11:09  Zealot x4  
  188  11:22  Photon Cannon  
  188  11:24  Zealot x2, Photon Cannon  
  192  11:31  Disruptor (Chrono Boost)  
  192  11:38  Disruptor (Chrono Boost)  
  194  11:41  Zealot x3  
  198  11:50  Zealot x6  
  188  11:59  Zealot  
  162  12:05  Zealot x3  
  144  12:16  Stalker x6, Immortal x2 (Chrono Boost)  
  164  12:24  Protoss Ground Weapons Level 3 (Chrono Boost)  
  164  12:25  Pylon  
  164  12:26  Zealot  
  164  12:27  Zealot x3  
  172  12:37  Stargate  
  172  12:42  Zealot x6  
  184  12:47  Warp Prism  
  184  12:48  Photon Cannon  
  184  12:49  Photon Cannon  
  184  12:51  Photon Cannon  
  172  12:52  Shield Battery  
  172  12:53  Stalker x2  
  158  13:05  Stalker  
  158  13:06  Stalker x4  
  164  13:13  Nexus  
  164  13:22  Stalker x5  
  161  13:28  Disruptor x2  
  147  13:37  Zealot x4  
  125  13:52  Stalker x4  
  125  13:53  Stalker  
  123  14:08  Warp Prism (Chrono Boost)  
  123  14:09  Disruptor (Chrono Boost)  
  112  14:19  Stalker x4  
  120  14:31  High Templar x2  
  123  14:36  Stalker x2  
  123  14:37  Archon, Disruptor (Chrono Boost)  
  123  14:38  Disruptor (Chrono Boost)  
  133  14:45  High Templar x3  
  133  14:46  High Templar  
  133  14:49  Archon  
  133  14:50  Archon  
  141  14:56  Stalker  
  143  15:01  Stalker  
  143  15:02  Stalker x2  
  149  15:07  Zealot x2  
  156  15:24  Stalker x6  
Show
View Real Time Build Order
Export as new Build Order

Astrea Protoss 

Build Orders: Oracle Opening, Phoenix Opening, Archon Immortal 

Get SALT Encoding   

  12  0:00  Probe  
  13  0:12  Probe  
  14  0:17  Pylon  
  14  0:24  Probe (Chrono Boost)  
  15  0:36  Gateway, Probe (Chrono Boost)  
  16  0:43  Probe (Chrono Boost)  
  16  0:45  Assimilator  
  17  0:51  Probe  
  17  0:54  Assimilator  
  18  1:03  Probe (Chrono Boost)  
  19  1:09  Gateway  
  20  1:12  Probe (Chrono Boost)  
  20  1:17  Probe (Chrono Boost)  
  20  1:23  Cybernetics Core  
  21  1:29  Probe  
  22  1:34  Pylon  
  22  1:41  Probe  
  23  1:53  Probe  
  24  2:01  Stalker x2, Warp Gate  
  26  2:05  Probe  
  29  2:13  Pylon  
  29  2:17  Probe  
  30  2:25  Pylon  
  30  2:30  Probe  
  30  2:36  Stargate  
  31  2:42  Probe  
  32  3:00  Nexus  
  32  3:02  Probe  
  32  3:14  Probe  
  32  3:17  Pylon, Oracle (Chrono Boost)  
  36  3:25  Shield Battery  
  36  3:27  Probe  
  37  3:39  Probe  
  37  3:41  Cybernetics Core  
  39  3:54  Probe  
  40  3:58  Phoenix (Chrono Boost)  
  39  4:03  Twilight Council  
  39  4:06  Stalker, Probe  
  42  4:14  Probe  
  43  4:18  Probe (Chrono Boost)  
  43  4:19  Stalker  
  46  4:26  Probe (Chrono Boost)  
  46  4:31  Probe (Chrono Boost)  
  48  4:34  Forge  
  48  4:36  Sentry  
  48  4:37  Probe (Chrono Boost)  
  51  4:40  Probe (Chrono Boost)  
  51  4:42  Probe (Chrono Boost), Blink  
  53  4:46  Probe  
  53  4:49  Sentry  
  56  4:53  Probe  
  56  4:54  Pylon  
  56  4:58  Assimilator  
  56  4:59  Probe  
  58  5:00  Protoss Ground Weapons Level 1 (Chrono Boost)  
  58  5:05  Probe  
  59  5:11  Probe  
  60  5:17  Probe  
  60  5:20  Nexus  
  61  5:24  Sentry, Probe  
  61  5:27  Pylon  
  64  5:29  Probe  
  65  5:36  Probe  
  65  5:37  Robotics Facility  
  65  5:41  Probe  
  67  5:47  Gateway  
  67  5:48  Gateway  
  67  5:49  Probe  
  68  5:53  Probe  
  69  6:01  Probe  
  70  6:05  Probe  
  71  6:11  Pylon  
  71  6:13  Probe  
  71  6:14  Stalker x2  
  71  6:17  Probe  
  77  6:19  Pylon  
  77  6:24  Observer  
  78  6:29  Probe  
  78  6:32  Probe x2  
  81  6:38  Stalker x2  
  85  6:41  Probe  
  85  6:42  Pylon  
  85  6:44  Stalker, Probe x2  
  85  6:45  Stalker  
  85  6:46  Protoss Ground Weapons Level 2 (Chrono Boost)  
  92  6:48  Shield Battery, Immortal  
  92  6:53  Probe  
  97  6:56  Probe x2  
  99  7:01  Assimilator  
  99  7:02  Charge  
  99  7:03  Assimilator x2  
  99  7:05  Probe  
  100  7:10  Probe x2  
  102  7:17  Gateway  
  102  7:18  Gateway, Photon Cannon  
  102  7:23  Probe x3  
  102  7:28  Immortal  
  109  7:34  Gateway  
  109  7:36  Gateway  
  109  7:39  Templar Archives, Pylon  
  109  7:52  Photon Cannon  
  109  7:58  Nexus  
  109  7:59  Observer  
  109  8:08  Stalker x4  
  109  8:12  Zealot x2  
  121  8:14  Immortal  
  121  8:17  Pylon  
  125  8:36  Shield Battery, High Templar x4  
  125  8:39  Pylon  
  125  8:41  Pylon  
  133  8:42  Archon x2  
  133  8:50  Protoss Ground Weapons Level 3 (Chrono Boost)  
  133  8:53  Shield Battery  
  133  8:56  Warp Prism, Observer  
  135  9:04  Probe x3  
  135  9:06  Photon Cannon  
  135  9:08  Zealot x3, High Templar x2  
  148  9:11  Zealot x3  
  148  9:13  Archon  
  154  9:20  Pylon  
  154  9:22  Pylon  
  154  9:23  Photon Cannon  
  154  9:24  Shield Battery  
  154  9:37  Immortal  
  154  9:38  High Templar x2  
  162  9:42  Archon  
  162  9:43  Zealot x6  
  174  9:50  Pylon  
  174  9:54  Pylon  
  174  10:06  Gateway  
  174  10:07  Gateway  
  174  10:17  High Templar x3  
  174  10:18  Zealot x4, High Templar  
  190  10:23  Archon x2  
  190  10:48  Zealot x3  
  192  10:59  Zealot x2  
  192  11:00  Zealot  
  195  11:10  Zealot  
  195  11:11  Photon Cannon  
  196  11:15  Nexus  
  194  11:24  Protoss Shields Level 1 (Chrono Boost)  
  192  11:31  Zealot x2  
  186  11:42  Zealot x5  
  192  11:48  Assimilator  
  192  11:49  Assimilator  
  192  11:51  Zealot x5  
  140  12:01  Immortal  
  140  12:03  Stalker x5  
  136  12:10  Robotics Bay  
  136  12:12  Robotics Facility  
  136  12:15  Robotics Facility  
  122  12:17  Probe  
  120  12:23  Stalker x5  
  120  12:26  Stalker x5  
  130  12:38  Pylon  
  130  12:41  Unknown  
  130  12:42  Photon Cannon  
  128  12:50  Stalker x9  
  128  12:51  Stalker  
  115  13:17  Stalker x9  
  115  13:19  Stalker  
  118  13:40  Stalker x2, Zealot x2  
  112  13:44  Zealot x3  
  99  13:56  Zealot x3  
  95  14:07  Stalker x2  
  95  14:08  Stalker  
  77  14:22  Zealot  
  77  14:23  Zealot  
  81  14:25  High Templar x4  
  81  14:26  High Templar  
  91  14:32  Archon x2, High Templar  
  91  14:37  Archon, High Templar  
  91  14:38  Shield Battery x2  
  95  14:45  High Templar  
  97  14:49  Archon  
  97  14:56  Probe x4  
  95  15:00  High Templar x4  
  95  15:01  High Templar x2  
  95  15:06  Archon x3  
  110  15:07  Disruptor (Chrono Boost)  
  110  15:08  Probe  
  111  15:24  Stalker x2  
Tags
 
Add a new tag
Caveats
  • Supply blocks, unpowered buildings, or Contaminate may cause inaccurate times.
  • Supply counts are checked every 10 seconds.